 Dungeon Crawl Stone Soup version 0.20.1-1-g8b1a95d (webtiles) character file.

13 tidbits the Caller (level 2, 0/19 HPs)
             Began as a Demonspawn Summoner on Aug 18, 2017.
             Slain by a kobold (4 damage)
             ... on level 1 of the Dungeon.
             The game lasted 00:05:12 (286 turns).

tidbits the Caller (Demonspawn Summoner)             Turns: 286, Time: 00:05:13

Health: 0/19       AC:  2    Str:  8    XL:     2   Next: 24%
Magic:  2/5        EV: 12    Int: 16    God:
Gold:   41         SH:  2    Dex: 13    Spells: 4/5 levels left

rFire    . . .     SeeInvis .   i - +1 short sword (freeze)
rCold    . . .     Gourm    .   (no shield)
rNeg     + . .     Faith    .   g - +0 robe
rPois    .         Spirit   .   (no helmet)
rElec    .         Reflect  +   (no cloak)
rCorr    .         Harm     .   (no gloves)
MR       .....                  (no boots)
Stlth    ++........             l - +2 amulet of reflection
Regen    0.1/turn               d - ring of positive energy
MPRegen  0.1/turn               (no ring)

@: very slightly contaminated
A: hooves 1
a: no special abilities


You were on level 1 of the Dungeon.
You were not hungry.

You visited 1 branch of the dungeon, and saw 1 of its levels.

You collected 41 gold pieces.

Inventory:

Hand Weapons
 a - a +0 hand axe
 i - a +1 short sword of freezing (weapon)
   (You took it off a kobold on level 1 of the Dungeon)
 k - a +0 dagger
Armour
 g - a +0 robe (worn)
Jewellery
 d - a ring of positive energy (left hand)
   (You found it on level 1 of the Dungeon)
 l - a +2 amulet of reflection (around neck)
   (You found it on level 1 of the Dungeon)
Scrolls
 m - a scroll of fear
 n - a scroll of noise {unknown}
Potions
 e - a potion of lignification {unknown}
 h - a potion of heal wounds {unknown}
 j - 2 potions of curing {unknown}
Books
 b - a book of Callings

   Spells                             Type                      Level
   a - Summon Small Mammal            Summoning                    1
   b - Call Imp                       Summoning                    2
   c - Call Canine Familiar           Summoning                    3
   d - Summon Guardian Golem          Hexes/Summoning              3
   e - Summon Lightning Spire         Summoning/Air                4
   f - Summon Ice Beast               Ice/Summoning                4
Comestibles
 c - a bread ration
 f - a fruit


   Skills:
 - Level 1.7 Dodging
 - Level 1.7 Stealth
 + Level 2.3 Spellcasting
 + Level 4.3 Summonings


You had 4 spell levels left.
You knew the following spells:

 Your Spells              Type           Power        Failure   Level  Hunger
z - Summon Small Mammal   Summ           ###.         3%          1    #......


Dungeon Overview and Level Annotations

Branches:
Dungeon (1/15)

Altars:


Innate Abilities, Weirdness & Mutations

You have large cloven feet.


Message History

Adjust (i)tems, (s)pells, or (a)bilities?
Adjust which item? (? for menu, Esc to quit)
k - a hand axe Adjust to which letter? (? for menu, Esc to quit)
a - a hand axe;
k - a +0 dagger
Found a yellow potion and a dagger.
Your bat disappears in a puff of smoke!
Your quokka disappears in a puff of smoke!
j - a yellow potion Your bat disappears in a puff of smoke!
Found 9 gold pieces.
Found 3 gold pieces.
You now have 9 gold pieces.
Found 11 gold pieces.
A bat comes into view.
Found 18 gold pieces.
A rat comes into view.
Casting: Summon Small Mammal
Confirm with . or Enter, or press ? or * to list all spells.
The bat hits you. The bat hits you but does no damage. The bat misses you.
The bat hits your rat. The bat hits you but does no damage.
Your rat bites the bat.
You closely miss the bat. Your kick misses the bat.
The bat is moderately wounded.
The bat barely misses you.
Your rat barely misses the bat.
The bat closely misses you.
Your rat barely misses the bat.
You miss the bat. Your kick misses the bat. The bat hits you.
You puncture the bat! You freeze the bat.
You kill the bat!
You see here a bat corpse.
Casting: Summon Small Mammal
Confirm with . or Enter, or press ? or * to list all spells.
You barely miss the rat. You kick the rat.
You kill the rat!
You now have 20 gold pieces (gained 11).
You now have 23 gold pieces (gained 3).
Found a scroll of fear and a yellow potion.
You now have 41 gold pieces (gained 18).
A leopard gecko comes into view.
Casting: Summon Small Mammal
Confirm with . or Enter, or press ? or * to list all spells.
Your rat disappears in a puff of smoke!
Your quokka barely misses the leopard gecko.
The leopard gecko barely misses you.
You hit the leopard gecko. You freeze the leopard gecko.
You kick the leopard gecko.
You kill the leopard gecko!
j - 2 yellow potions (gained 1)
You swap places.
m - a scroll of fear Your rat disappears in a puff of smoke!
Your quokka disappears in a puff of smoke!
n - a scroll labeled USIODOIRPHAWA
Found 6 gold pieces.
A kobold comes into view.
The kobold shouts!
Casting: Summon Small Mammal
Confirm with . or Enter, or press ? or * to list all spells.
You miscast Summon Small Mammal.
You are very lightly contaminated with residual magic.
A fistful of eyes flickers past your view.
You closely miss the kobold. Your kick misses the kobold. The kobold hits you.
You closely miss the kobold. The kobold hits you.
You barely miss the kobold.
The kobold shouts!
You kick the kobold, but do no damage. The kobold hits you.
You hit the kobold but do no damage. The kobold hits you.
Casting: Summon Small Mammal
Confirm with . or Enter, or press ? or * to list all spells.
The kobold closely misses you.
You barely miss the kobold. The kobold barely misses you.
Your rat barely misses the kobold.
Casting: Summon Small Mammal
Confirm with . or Enter, or press ? or * to list all spells.
The kobold hits you.
* * * LOW HITPOINT WARNING * * *
The kobold hits you with a short sword.
* * * LOW HITPOINT WARNING * * *
Your rat misses the kobold. Your rat misses the kobold.
The kobold closely misses you.
The kobold throws a stone.
The stone misses you.
You see here a stone.
The kobold throws a stone.
The stone closely misses you.
The kobold throws a stone.
The stone barely misses your rat.
The stone misses the kobold.
The stone barely misses you.
Your rat completely misses the kobold.
The kobold throws a stone.
The stone hits your rat.
Your rat dies!
Your rat's corpse disappears in a puff of smoke!
Casting: Summon Small Mammal
Confirm with . or Enter, or press ? or * to list all spells.
The kobold hits you.
* * * LOW HITPOINT WARNING * * *
The kobold throws a stone.
The stone closely misses your rat.
The stone misses the kobold.
The stone misses you.
Your bat completely misses the kobold.
You barely miss the kobold.
Your bat hits the kobold but does no damage.
The kobold hits you.
You die...

#..###.......#
#####...#####...###..
#........# #........
#........####....##..
#........#...........
#.................#..
#....(...............#
#.....................
#.b.K@..........#.##..
#####r####........#.##..
#.....# #..........##..
#...§(####..........##..
#.....##.....#..........
#..K.##$.##............#
#..$.........†........##
#.......................
#......####..#....#.....


You could see a kobold, a friendly bat and a friendly rat.

Vanquished Creatures
  A dart slug (D:1)
  A leopard gecko (D:1)
  2 bats (D:1)
  2 rats (D:1)
6 creatures vanquished.

Vanquished Creatures (collateral kills)
  2 hobgoblins (D:1)
  2 kobolds (D:1)
  A bat (D:1)
  A frilled lizard (D:1)
  2 rats (D:1)
8 creatures vanquished.

Grand Total: 14 creatures vanquished

Notes
Turn   | Place    | Note
-------+----------+-------------------------------------------
     0 | D:1      | tidbits the Demonspawn Summoner began the quest for the Orb.
     0 | D:1      | Reached XP level 1. HP: 13/13 MP: 3/3
   145 | D:1      | Gained mutation: You have large cloven feet. [demonic ancestry]
   145 | D:1      | Reached XP level 2. HP: 12/19 MP: 1/5
   286 | D:1      | Slain by a kobold

Action                   || total
-------------------------++-------
Melee: Unarmed           ||    16
       Dagger            ||    11
       Short sword       ||    11
       Kick              ||     3
 Cast: Summon Small Mamm ||    16
  Use: Scroll            ||     2
 Stab: Sleeping          ||     1
Armor: Robe              ||     5
Dodge: Dodged            ||    36

Table legend:
 A = Turns spent in this place as a percentage of turns spent in the entire game.
 B = Non-inter-level travel turns spent in this place as a percentage of non-inter-level travel turns spent in the entire game.
 C = Inter-level travel turns spent in this place as a percentage of turns spent in this place.
 D = Turns resting spent in this place as a percentage of non-inter-level travel turns spent in this place.
 E = Turns spent auto-exploring this place as a percentage of non-inter-level travel turns spent in this place.
 F = Non-inter-level travel turns spent in this place divided by the number of levels of this place that you've seen.
                   A       B       C       D       E      F
               +-------+-------+-------+-------+-------+----------------------
         Total | 100.0 | 100.0 |   0.0 |   0.0 |   0.0 | 287.0
       Dungeon | 100.0 | 100.0 |   0.0 |   0.0 |   0.0 | 287.0
               +-------+-------+-------+-------+-------+----------------------

Table legend:
 A = Kills in this place as a percentage of kills in entire the game.
 B = Kills by you in this place as a percentage of kills by you in the entire game.
 C = Kills by friends in this place as a percentage of kills by friends in the entire game.
 D = Other kills in this place as a percentage of other kills in the entire game.
 E = Experience gained in this place as a percentage of experience gained in the entire game.
 F = Experience gained in this place divided by the number of levels of this place that you have seen.
                   A       B       C       D       E      F
               +-------+-------+-------+-------+-------+----------------------
         Total | 100.0 | 100.0 | 100.0 |  -nan | 100.0 |  19.0
       Dungeon | 100.0 | 100.0 | 100.0 |  -nan | 100.0 |  19.0
               +-------+-------+-------+-------+-------+----------------------

Vault maps used:
D:1:      lightli_arrival_flooded_house
